 Dungeon Crawl Stone Soup version 0.32-a0-685-g93135e86f0 (webtiles) character file.

Game seed: 15135276844758421790

485 Griffin23 the Slasher (level 6, -1/56 HPs)
             Began as a Minotaur Fighter on Mar 12, 2024.
             Slain by a shadow (18 damage)
             ... on level 4 of the Dungeon.
             The game lasted 00:05:25 (3441 turns).

Griffin23 the Slasher (Minotaur Fighter)            Turns: 3441, Time: 00:05:25

Health: -1/56      AC: 16    Str: 21    XL:     6   Next: 88%
Magic:  5/5        EV:  6    Int:  5    God:
Gold:   153        SH:  4    Dex: 11    Spells: 5/5 levels left

rFire   . . .        a - +0 long sword
rCold   . . .        c - +0 buckler
rNeg    . . .        z - +0 plate armour
rPois   .            (helmet restricted)
rElec   .            (no cloak)
rCorr   .            y - +1 pair of gloves {hurl}
SInv    .            r - +0 pair of boots
Will    .....        (no amulet) Stlth
                     (no ring)
HPRegen 0.29/turn    (no ring)
MPRegen 0.09/turn

%: no passive effects
@: no status effects
A: horns 2, retaliatory headbutt
a: no special abilities


You were on level 4 of the Dungeon.
You visited 1 branch of the dungeon, and saw 5 of its levels.

You collected 153 gold pieces.

Inventory:

Hand Weapons
 a - a +0 long sword (weapon)
Missiles
 b - 5 poisoned darts
 o - 2 throwing nets (quivered)
Armour
 c - a +0 buckler (worn)
 r - a +0 pair of boots (worn)
 s - a +1 chain mail of fire resistance
 y - a +1 pair of gloves of hurling (worn)
 z - a +0 plate armour (worn)
Jewellery
 e - a +6 ring of dexterity
Wands
 x - a wand of flame (30)
Scrolls
 g - a scroll of fear
 i - a scroll of brand weapon
 j - a scroll of revelation {unknown}
 l - a scroll of silence
 p - a scroll of teleportation {unknown}
 v - a scroll of amnesia {unknown}
Potions
 d - 4 potions of might
 f - 4 potions of heal wounds
 h - 3 potions of curing
 k - a potion of attraction {unknown}
 m - a potion of enlightenment {unknown}
 n - a potion of mutation {unknown}
 t - a potion of resistance {unknown}
 u - a potion of degeneration {unknown}
 w - 2 potions of haste {unknown}


   Skills:
 * Level 5.3 Fighting
 * Level 6.2 Long Blades
 * Level 5.8 Armour
 + Level 4.2 Shields


You had 5 spell levels left.
You didn't know any spells.
Your spell library was empty.

Dungeon Overview and Level Annotations

Branches:
Dungeon (5/15)
 Temple: D:4-7

Altars:
Qazlal
Vehumet

Annotations:
D:4 1 transporter, ezpacito's ghost, amateur CoCK


Innate Abilities, Weirdness & Mutations

You have a pair of horns on your head.
You reflexively headbutt those who attack you in melee.


Message History

The shadow hits you. The gnoll hits you but does no damage.
The gnoll barely misses you.
You climb upwards.
Level annotation: 1 transporter, ezpacito's ghost, amateur CoCK
There is a stone staircase leading down, spattered with blood here.
Items here: ))) [ †.
You hit the shadow but do no damage.
You headbutt the shadow, but do no damage.
The shadow is lightly damaged.
The shadow hits you!
The shadow slips into darkness.
The shadow flickers and vanishes!
Deactivating autopickup; reactivate with Ctrl-A.
You hit something but do no damage.
The shadow strikes at you from the darkness!
Reactivating autopickup.
You closely miss the shadow.
The shadow is lightly damaged.
The shadow hits you.
You slash the shadow! You headbutt the shadow.
The shadow is severely damaged.
The shadow hits you.
You hit the shadow but do no damage.
The shadow is severely damaged.
The shadow slips into darkness.
The shadow flickers and vanishes!
Deactivating autopickup; reactivate with Ctrl-A.
You barely miss something. Your headbutt misses something.
The shadow strikes at you from the darkness!
* * * LOW HITPOINT WARNING * * *
Reactivating autopickup.
You hit the shadow. Your headbutt misses the shadow.
The shadow is severely damaged.
The shadow hits you.
The shadow slips into darkness.
The shadow flickers and vanishes!
Deactivating autopickup; reactivate with Ctrl-A.
You closely miss something.
The shadow strikes at you from the darkness!
You die...

#.#......#.#....# #..# #.##.#####
#.#.####.#.#....###..###.#.......
#.#......#.#..................###
#....###.#.##...###.#.........#
#..........########.#.........#
##...####....#####..#.........#
#...# ####....##.##.........#
#...# #....##.##.........# #...#
#..)†@{.......###### #...#
#....########## #...# ######
#...# #...# #####


There were no monsters in sight!

Vanquished Creatures
  A phantom (D:4)
  3 scorpions (D:4)
  A gnoll bouda (D:4)
  An iguana (D:4)
  6 adders
  3 gnolls
  5 dart slugs
  3 ribbon worms
  An orc (D:3)
  2 ball pythons (D:1)
  6 endoplasms
  6 giant cockroaches
  9 goblins
  5 hobgoblins
  3 jackals (D:4)
  7 kobolds
  3 quokkas
  4 bats
  A frilled lizard (D:3)
  5 rats
75 creatures vanquished.

Notes
Turn   | Place    | Note
-------+----------+-------------------------------------------
     0 | D:1      | Griffin23 the Minotaur Fighter began the quest for the Orb.
     0 | D:1      | Reached XP level 1. HP: 19/19 MP: 0/0
    77 | D:1      | Reached XP level 2. HP: 5/27 MP: 1/1
   575 | D:1      | Reached XP level 3. HP: 33/33 MP: 2/2
   659 | D:1      | Reached skill level 3 in Long Blades
  1061 | D:2      | Reached XP level 4. HP: 41/41 MP: 3/3
  1885 | D:3      | Reached skill level 4 in Long Blades
  2049 | D:3      | Reached XP level 5. HP: 47/47 MP: 4/4
  2200 | D:4      | Noticed a phantom
  2210 | D:4      | Killed a phantom
  2211 | D:4      | Reached skill level 5 in Armour
  2267 | D:4      | Found a radiant altar of Vehumet.
  2449 | D:4      | Found a transporter.
  2452 | D:4      | Noticed ezpacito's ghost (amateur CoCK)
  2609 | D:4      | Found a stormy altar of Qazlal.
  2736 | D:4      | Reached skill level 5 in Fighting
  2736 | D:4      | Reached skill level 5 in Long Blades
  2736 | D:4      | Reached XP level 6. HP: 47/56 MP: 5/5
  2961 | D:5      | Entered Level 5 of the Dungeon
  2981 | D:4      | Reached skill level 6 in Long Blades
  3340 | D:5      | Noticed a shadow
  3441 | D:4      | Slain by a shadow

Illustrated notes

Levels and vault maps discovered:
D:1:      lordsloth_arrival_two_stooges, layout_basic,
          dreamdust_princess_corridor
D:2:      layout_rooms, minmay_stone_trees_medium
D:3:      layout_basic
D:4:      layout_basic, vehumet_altar_wand_db, lemuel_doored_altar,
          gammafunk_ghost_mausoleum, st_stairs_8
D:5:      cheibrodos_fertilizer, layout_layer_cave,
          gammafunk_temple_overflow_elements, minmay_misc_feat_alley,
          sigmund_edmund_badplayer, uniq_duvessa

Skill      XL: |  1  2  3  4  5  6 |
---------------+-------------------+-----
Armour         | 4 5 |  5.8
Fighting       | 4 5 |  5.3
Long Blades    | 3 4 5 6 |  6.2
Shields        | 4 |  4.2

Action                     |  1- 3 |  4- 6 || total
---------------------------+-------+-------++-------
  Melee: Long sword        |    76 |   143 ||   219
         Headbutt          |    12 |    27 ||    39
    Use: Scroll            |       |     5 ||     5
 Armour: Scale mail        |    48 |    14 ||    62
         Chain mail        |       |    55 ||    55
         Plate armour      |       |    82 ||    82
  Dodge: Dodged            |    30 |    68 ||    98
  Block: Buckler           |    15 |    41 ||    56

Table legend: (Time is in decaauts)
 A = Elapsed time spent in this place.
 B = Non-inter-level travel time spent in this place.
 C = Inter-level travel time spent in this place.
 D = Time resting spent in this place.
 E = Time spent auto-exploring this place.
 F = Levels seen in this place.
 G = Mean time per level.
                   A        B        C        D        E       F      G
               +--------+--------+--------+--------+--------+-----+--------+
         Total |   3491 |   3353 |    138 |    713 |   2009 |   5 |  698.2 |
       Dungeon |   3491 |   3353 |    138 |    713 |   2009 |   5 |  698.2 |
               +--------+--------+--------+--------+--------+-----+--------+

Top non-repeatable levels by time:
     D:4: 1237 daAuts
     D:1: 895 daAuts
     D:3: 695 daAuts
     D:2: 647 daAuts
     D:5: 16 daAuts
